 Dungeon Crawl Stone Soup version 0.29.1-4-g47bece8355 (webtiles) character file.

Game seed: 6605413158125213473

1831 CaptainMV the Covert (level 9, -3/78 HPs)
             Began as a Naga Venom Mage on Dec 8, 2022.
             Slain by Maggie
             ... wielding a +0 war axe of flaming
              (20 damage)
             ... on level 6 of the Dungeon.
             The game lasted 00:44:16 (4916 turns).

CaptainMV the Covert (Naga Venom Mage)              Turns: 4916, Time: 00:44:17

Health: -3/78      AC:  8    Str: 11    XL:     9   Next: 11%
Magic:  2/14       EV: 15    Int: 19    God:
Gold:   257        SH:  0    Dex: 12    Spells: 9/14 levels left

rFire   . . .      SeeInvis +   q - +1 dagger (venom)
rCold   . . .      Faith    .   (no shield)
rNeg    . . .      Spirit   .   a - +0 robe
rPois   +          Reflect  .   (no helmet)
rElec   .          Harm     .   (no cloak)
rCorr   .          Rampage  .   (no gloves)
Will    +....                   (no barding)
Stlth   ++++......              (no amulet)
HPRegen 0.23/turn               i - +4 ring of evasion
MPRegen 0.14/turn               m - +4 ring of protection

@: very slow
A: AC +3, large, see invisible, deformed body, poison resistance, slowness 2,
spit poison 1, naga tail 1
a: Spit Poison


You were on level 6 of the Dungeon.
You visited 1 branch of the dungeon, and saw 6 of its levels.

You collected 257 gold pieces.

Inventory:

Hand Weapons
 c - a +0 spear
 g - a +1 short sword of protection
 q - a +1 dagger of venom (weapon)
Missiles
 e - 5 atropa-tipped darts (quivered)
 v - 4 curare-tipped darts
 y - 5 javelins
Armour
 a - a +0 robe (worn)
Magical Staves
 u - a staff of cold
Jewellery
 i - a +4 ring of evasion (left hand)
 m - a +4 ring of protection (right hand)
 w - an amulet of magic regeneration
Wands
 r - a wand of digging (3)
 A - a wand of iceblast (20)
Scrolls
 d - 4 scrolls of identify {unknown}
 f - a scroll of immolation
 h - a scroll of fog {unknown}
 k - 2 scrolls of teleportation {unknown}
 l - 2 scrolls of amnesia {unknown}
 t - 2 scrolls of enchant armour {unknown}
 x - 2 scrolls of magic mapping {unknown}
Potions
 b - a potion of magic
 j - a potion of invisibility {unknown}
 n - 3 potions of curing
 o - 2 potions of might
 p - a potion of degeneration {unknown}
 s - 2 potions of flight {unknown}
 z - a potion of lignification {unknown}


   Skills:
 + Level 4.0 Fighting
 + Level 5.7 Short Blades
 + Level 0.1 Throwing
 + Level 4.5 Dodging
 + Level 8.4 Stealth
 + Level 3.3 Spellcasting
 + Level 1.9 Transmutations
 + Level 6.2 Poison Magic


You had 9 spell levels left.
You knew the following spells:

 Your Spells              Type           Power      Damage    Failure   Level
a - Sting                 Tmut/Pois      72%        1d6       2%          1
b - Olgreb's Toxic Radia  Pois           26%        N/A       12%         4

Your spell library contained the following spells:

 Spells                   Type           Power      Damage    Failure   Level
 Poisonous Vapours        Pois/Air       30%        N/A       6%          2
 Mephitic Cloud           Conj/Pois/Air  11%        N/A       19%         3
 Blink                    Tloc           6%         N/A       22%         2
 Gell's Gravitas          Tloc           3%         N/A       41%         3
 Inner Flame              Hex/Fire       3%         N/A       41%         3
 Lesser Beckoning         Tloc           3%         N/A       41%         3
 Teleport Other           Tloc           3%         N/A       41%         3
 Cause Fear               Hex            1%         N/A       82%         4
 Manifold Assault         Tloc           3%         N/A       99%         5
 Discord                  Hex            1%         N/A       100%        8


Dungeon Overview and Level Annotations

Branches:
Dungeon (6/15)
 Temple: D:4-7

Altars:
Cheibriados
Okawaru
Uskayaw
Wu Jian
Xom
Yredelemnul
The Shining One

Annotations:
D:6 Maggie


Innate Abilities, Weirdness & Mutations

Your serpentine skin is tough. (AC +3)
You have supernaturally acute eyesight. (SInv)
Armour fits poorly on your strangely shaped body.
Your system is resistant to poisons. (rPois)
You cover ground very slowly.
You can spit poison.
You have a snake-like lower body.


Message History

The bolt of fire hits you!
The howler monkey hoots and howls with incredible vigour!
You hear a shout! x2
Maggie looks as sick as possible!
The hound looks even sicker.
The howler monkey looks as sick as possible!
The howler monkey looks even sicker.
The hound barely misses you. The hound bites you but does no damage.
You hit the hound.
You kill the hound!
The howler monkey looks as sick as possible!
Your toxic aura wanes.
Maggie closely misses you. The howler monkey closely misses you.
You hit the howler monkey.
The howler monkey looks as sick as possible!
The howler monkey is almost dead.
Maggie drinks a potion.
Maggie seems to grow stronger.
The howler monkey hits you. x2
You barely miss the howler monkey. You punch the howler monkey.
The howler monkey is heavily wounded.
You have got your breath back.
You kill the howler monkey!
Maggie casts a spell at you. The bolt of fire misses you.
The howler monkey hits you but does no damage.
You hit Maggie.
Maggie looks as sick as possible!
Maggie is heavily wounded.
Maggie hits you with a +0 war axe of flaming!!
* * * LOW HITPOINT WARNING * * *
Maggie burns you.
* * * LOW HITPOINT WARNING * * *
The howler monkey barely misses you.
You hit Maggie but do no damage.
Maggie looks as sick as possible!
Maggie is heavily wounded.
You break out of your daze.
You hit the howler monkey but do no damage.
The howler monkey looks as sick as possible!
The howler monkey is severely wounded.
The howler monkey barely misses you.
Maggie hits you with a +0 war axe of flaming!!
You die...

##.......###
.........#
.........##
..........####
.............#
.#....>..###.##
#.......# #..##
#####....###..######
.^......h@.......
.........))@.#....
..h...............
...............
..)............
...)....:..#...
...........#...
...........# ..


You could see Maggie (strong, extremely poisoned) and a howler monkey (extremely
poisoned).

Vanquished Creatures
  2 ice beasts (D:5)
  2 black bears
  4 ogres
  A centaur (D:5)
  3 phantoms
  A kobold brigand (D:6)
  A necrophage (D:6)
  2 scorpions (D:4)
  2 howler monkeys (D:6)
  3 hounds
  4 orc priests
  An iguana (D:5)
  3 orc wizards
  Robin (D:3)
  8 adders
  An ufetubus (D:5)
  3 worms (D:5)
  3 dart slugs
  13 orcs
  5 endoplasms
  A giant cockroach (D:4)
  20 goblins
  18 hobgoblins
  9 kobolds
  4 quokkas
  5 ball pythons
  5 frilled lizards
  2 rats
127 creatures vanquished.

Vanquished Creatures (others)
  4 plants (D:4)
4 creatures vanquished.

Grand Total: 131 creatures vanquished

Notes
Turn   | Place    | Note
-------+----------+-------------------------------------------
     0 | D:1      | CaptainMV the Naga Venom Mage began the quest for the Orb.
     0 | D:1      | Reached XP level 1. HP: 15/15 MP: 3/3
    44 | D:1      | Found a faded altar of an unknown god.
   367 | D:1      | Reached XP level 2. HP: 24/24 MP: 1/5
  1237 | D:2      | Reached XP level 3. HP: 24/30 MP: 6/6
  1462 | D:2      | Reached skill level 5 in Poison Magic
  1515 | D:2      | Reached skill level 1 in Fighting
  1828 | D:3      | Reached skill level 1 in Short Blades
  1828 | D:3      | Reached XP level 4. HP: 37/38 MP: 7/7
  1901 | D:3      | Reached skill level 4 in Stealth
  2187 | D:3      | Noticed Robin
  2202 | D:3      | Killed Robin
  2422 | D:3      | Reached XP level 5. HP: 44/44 MP: 8/8
  2460 | D:4      | Noticed a black bear
  2471 | D:4      | Killed a black bear
  2472 | D:4      | Reached skill level 5 in Stealth
  2937 | D:4      | Reached XP level 6. HP: 52/52 MP: 9/9
  2971 | D:4      | Found a hide-covered altar of Uskayaw.
  3030 | D:4      | Reached skill level 6 in Stealth
  3030 | D:4      | Reached XP level 7. HP: 55/61 MP: 10/10
  3371 | D:4      | Reached skill level 7 in Stealth
  3382 | D:4      | Found a basalt altar of Yredelemnul.
  3512 | D:5      | Entered Level 5 of the Dungeon
  3644 | D:5      | Reached XP level 8. HP: 40/69 MP: 9/11
  3697 | D:5      | Reached skill level 8 in Stealth
  3942 | D:5      | Found an ornate altar of the Wu Jian Council.
  3990 | D:5      | Reached skill level 5 in Short Blades
  4136 | D:5      | Found a shimmering altar of Xom.
  4136 | D:5      | Found a snail-covered altar of Cheibriados.
  4267 | D:5      | Learned a level 4 spell: Olgreb's Toxic Radiance
  4462 | D:5      | Found a glowing golden altar of the Shining One.
  4618 | D:5      | Found an iron altar of Okawaru.
  4819 | D:6      | Reached XP level 9. HP: 45/78 MP: 0/13
  4903 | D:6      | Noticed Maggie
  4916 | D:6      | Slain by Maggie

Illustrated notes

Levels and vault maps discovered:
D:1:      dpeg_arrival_rhombi, layout_loops_ring,
          hellmonk_ecumenical_altar_blasted, minmay_split_cup_small
D:2:      layout_basic
D:3:      cheibrodos_greedy_goblins, layout_loops_ring, uniq_robin
D:4:      layout_basic, mainiacjoe_overflow_chevrons,
          eat_drink_and_be_merry_uskayaw
D:5:      nicolae_cairo_tiling_very_big, layout_gridville,
          okawaru_altar_gauntlet_db, marbit_many_paths,
          mainiacjoe_overflow_large_starburst,
          mainiacjoe_overflow_concentric_impassable
D:6:      layout_rooms, uniq_maggie

Skill      XL: |  1  2  3  4  5  6  7  8  9 |
---------------+----------------------------+-----
Poison Magic   | 5 6 |  6.2
Fighting       | 1 2 3 4 |  4.0
Short Blades   | 1 2 3 4 5 |  5.7
Stealth        | 4 5 6 7 8 |  8.4
Dodging        | 2 3 4 |  4.5
Spellcasting   | 3 |  3.3
Throwing       | |  0.1
Transmutations | |  1.9

Action                   |  1- 3 |  4- 6 |  7- 9 || total
-------------------------+-------+-------+-------++-------
Melee: Spear             |     8 |       |       ||     8
       Unarmed           |     4 |       |       ||     4
       Short sword       |   120 |    43 |       ||   163
       Dagger            |       |    81 |   258 ||   339
       Punch             |       |     1 |     7 ||     8
Throw: Dart              |       |     1 |       ||     1
 Cast: Sting             |     6 |       |    13 ||    19
       Olgreb's Toxic Ra |       |       |     9 ||     9
 Abil: Spit Poison       |       |     1 |     2 ||     3
 Stab: Sleeping          |     3 |     7 |     5 ||    15
Armor: Robe              |    38 |    21 |    60 ||   119
Dodge: Dodged            |    91 |    78 |   166 ||   335
